 Dungeon Crawl Stone Soup version 0.20-a0-923-g548304e (webtiles) character file.

1222 Deemzul the Slasher (level 8, -1/57 HPs)
             Began as an Octopode Monk on Mar 26, 2017.
             Was a Believer of Wu Jian.
             Slain by a sky beast (6 damage)
             ... on level 7 of the Dungeon.
             The game lasted 00:05:54 (5045 turns).

Deemzul the Slasher (Octopode Monk)                 Turns: 5045, Time: 00:05:55

Health: -1/57      AC:  1    Str: 10    XL:     8   Next: 47%
Magic:  8/8        EV: 17    Int: 12    God:    Wu Jian [**....]
Gold:   289        SH:  0    Dex: 17    Spells: 7/7 levels left

rFire    . . .     SeeInvis .   a - +0 falchion
rCold    . . .     Gourm    .   (no shield)
rNeg     . . .     Faith    .   (helmet restricted)
rPois    .         Spirit   .   l - amulet of harm
rElec    .         Reflect  .   (no ring)
rCorr    .         Harm     +   (no ring)
MR       .....                  (no ring)
Stlth    +++.......             (no ring)
Regen    0.2/turn               (no ring)
MPRegen  0.2/turn               (no ring)
                                (no ring)
                                (no ring)

@: starving
A: almost no armour, stealthy swim, amphibious, 8 rings, constrict 8, camouflage
1, gelatinous body 1
a: Renounce Religion


You were on level 7 of the Dungeon.
You worshipped Wu Jian.
Wu Jian was pleased with you.
You were starving.

You visited 1 branch of the dungeon, and saw 7 of its levels.
You also visited: Sewer.

You collected 289 gold pieces.

Inventory:

Hand Weapons
 a - a +0 falchion (weapon)
Jewellery
 l - an amulet of harm (around mantle)
 n - an uncursed ring of teleportation
Wands
 e - a wand of random effects (31/48)
 o - a wand of iceblast (8/15)
 q - a wand of digging (20/24)
 y - a wand of acid (5/15)
Scrolls
 c - 4 scrolls of identify
 g - 3 scrolls of fear
 r - a scroll of remove curse
 s - 3 scrolls of teleportation {unknown}
 v - a scroll of fog {unknown}
 w - a scroll of blinking {unknown}
 x - a scroll of amnesia {unknown}
 z - a scroll of noise {unknown}
 A - a scroll of enchant weapon {unknown}
Potions
 h - a potion of invisibility
 i - a potion of heal wounds
 k - a potion of brilliance {unknown}
 m - a potion of mutation {unknown}
 p - 4 potions of curing
 t - a potion of flight
 u - a potion of might {unknown}
Comestibles
 b - 4 bread rations
 d - 3 royal jellies
 f - a fruit
 j - a meat ration


   Skills:
 + Level 5.9 Fighting
 * Level 7.4 Long Blades
 + Level 5.7 Dodging
 - Level 3.0 Stealth


You had 7 spell levels left.
You didn't know any spells.

Dungeon Overview and Level Annotations

Branches:
Dungeon (7/15)             Temple (0/1) D:5

Altars:
Ashenzari
Sif Muna
Wu Jian

Shops:
D:4 %

Annotations:
D:4 Deemzul's ghost, novice OpMo
D:6 Dowan; Duvessa


Innate Abilities, Weirdness & Mutations

You cannot wear most types of armour.
You are very stealthy in the water. (Stealth+)
You are amphibious.
You can wear up to eight rings at the same time.
You can use your tentacles to constrict eight enemies at once.
Your skin changes colour to match your surroundings (Stealth+).
Your rubbery body absorbs attacks. (AC +1, EV +1)


Message History

You attack the sky beast from above.
You closely miss the sky beast. You squeeze the sky beast.
The sky beast is almost dead.
The sky beast is distracted by your jump.
You attack the sky beast from above.
You barely miss the sky beast. Your squeeze misses the sky beast.
The sky beast is almost dead.
The sky beast hits you.
* * * LOW HITPOINT WARNING * * *
The sky beast shocks you.
* * * LOW HITPOINT WARNING * * *
You repeatedly attack the sky beast from above.
You barely miss the sky beast.
The sky beast is almost dead.
You closely miss the sky beast. Your squeeze misses the sky beast.
The sky beast is almost dead.
The sky beast flickers out of sight!
Something hits you.
* * * LOW HITPOINT WARNING * * *
Something shocks you.
You die...

####?..# #.. ...#
#.# #..# #.# #..#
#.###).#
#....[<##
#.#..)))#
##§§§...##
###.###.{@#..##
......§§#§#.....
###.###...##.####
######.# #.# #.#
#.


There were no monsters in sight!

Vanquished Creatures
  Grinder (D:5)
  Prince Ribbit (D:5)
  A sky beast (D:6)
  An ogre (D:6)
  A big kobold (Sewer)
  A scorpion (D:4)
  A crimson imp (D:5)
  Crazy Yiuf (D:3)
  A hound (D:5)
  4 orc wizards
  2 iguanas
  2 worker ants
  A hound skeleton (D:4)
  A hound zombie (D:6)
  5 gnolls
  4 adders
  An ooze (D:2)
  2 worms
  2 dart slugs
  2 leopard geckos (D:2)
  11 orcs
  5 ball pythons
  7 bats
  6 giant cockroaches
  6 goblins
  9 hobgoblins
  11 jackals
  15 kobolds
  A quokka (D:3)
  3 frilled lizards
  A jackal skeleton (D:5)
  A quokka zombie (D:5)
  13 rats
124 creatures vanquished.

Notes
Turn   | Place    | Note
-------+----------+-------------------------------------------
     0 | D:1      | Deemzul the Octopode Monk began the quest for the Orb.
     0 | D:1      | Reached XP level 1. HP: 16/16 MP: 1/1
    68 | D:1      | Reached XP level 2. HP: 4/21 MP: 2/2
   476 | D:1      | Reached XP level 3. HP: 18/26 MP: 3/3
  1200 | D:2      | Reached XP level 4. HP: 12/32 MP: 4/4
  1434 | D:2      | Reached skill level 4 in Long Blades
  1706 | D:3      | Found a shattered altar of Ashenzari.
  1757 | D:3      | Reached XP level 5. HP: 25/37 MP: 5/5
  2296 | D:3      | Found an ornate altar of the Wu Jian Council.
  2406 | D:3      | Became a worshipper of the Wu Jian Council
  2406 | D:3      | Reached * piety under Wu Jian
  2406 | D:3      | Reached ** piety under Wu Jian
  2570 | D:3      | Found a runed door.
  2642 | D:3      | Noticed Crazy Yiuf
  2649 | D:3      | Killed Crazy Yiuf
  2686 | D:4      | Reached XP level 6. HP: 35/43 MP: 6/6
  2688 | D:4      | Found a glowing drain.
  2720 | D:4      | Reached skill level 5 in Long Blades
  2734 | Sewer    | Entered a sewer
  2835 | Sewer    | Found a glowing silver altar of Zin.
  2941 | D:4      | Found Foasha's Food Emporium.
  3192 | D:4      | Noticed Deemzul's ghost (novice OpMo)
  3304 | D:4      | Reached XP level 7. HP: 45/49 MP: 7/7
  3312 | D:5      | Entered Level 5 of the Dungeon
  3350 | D:5      | Found a deep blue altar of Sif Muna.
  3587 | D:5      | Noticed Grinder
  3591 | D:5      | Paralysed by Grinder for 5 turns
  3606 | D:5      | Killed Grinder
  3606 | D:5      | Reached skill level 5 in Fighting
  3606 | D:5      | Reached skill level 6 in Long Blades
  3776 | D:5      | Found a staircase to the Ecumenical Temple.
  3806 | D:5      | Identified the Incunabulum of Destructive Beguiling
  3920 | D:5      | Noticed Prince Ribbit
  3946 | D:5      | Killed Prince Ribbit
  3946 | D:5      | Reached skill level 5 in Dodging
  3946 | D:5      | Reached XP level 8. HP: 39/56 MP: 8/8
  4011 | D:5      | Reached *** piety under Wu Jian
  4369 | D:6      | Reached skill level 7 in Long Blades
  4851 | D:6      | Noticed Dowan
  4854 | D:6      | Noticed Duvessa
  5045 | D:7      | Slain by a sky beast

Vault maps used:
D:1:      nicolae_arrival_washed_ashore, minmay_hedge_maze, hex_tiny
D:3:      lemuel_round_altar, lemuel_round_altar, first_bread,
          uniq_crazy_yiuf_cottage
D:4:      grunt_temple_overflow_magic_moments, gup_sewer_entry_glass,
          serial_shops, shop_statue
D:5:      minmay_temple_entry_water_ring, basic_altar, uniq_prince_ribbit1,
          uniq_grinder
D:6:      kennysheep_mini_moat, uniq_duvessa
D:7:      kennysheep_orc_sif_temple, kennysheep_mini, uniq_joseph, uniq_menkaure
Sewer:    sewer_kobolds

Skill      XL: |  1  2  3  4  5  6  7  8 |
---------------+-------------------------+-----
Stealth        | 3 |  3.0
Long Blades    | 4 5 6 7 |  7.4
Fighting       | 4 5 |  5.9
Dodging        | 4 5 |  5.7

Action                   |  1- 3 |  4- 6 |  7- 9 || total
-------------------------+-------+-------+-------++-------
Melee: Falchion          |    61 |   129 |    88 ||   278
       Tentacles         |    18 |    31 |    20 ||    69
       Constrict         |    17 |    44 |    19 ||    80
  Use: Scroll            |       |     5 |       ||     5
       Potion            |       |       |     5 ||     5
 Stab: Sleeping          |     7 |    14 |     4 ||    25
       Distracted        |     1 |     1 |     2 ||     4
  Eat: Chunk             |     1 |     6 |     4 ||    11
Armor: Skin              |     5 |     3 |     4 ||    12
Dodge: Dodged            |    35 |    87 |    49 ||   171
       Rpst.: Falchion   |    14 |    24 |    24 ||    62
